 Dungeon Crawl Stone Soup version 0.17.1-2-g5865329 (webtiles) character file.

201 Charly the Cleaver (level 5, -10/69 HPs)
             Began as a Hill Orc Berserker on Feb 2, 2016.
             Was a Believer of Trog.
             Mangled by an orc warrior
             ... wielding a +0 halberd
              (17 damage)
             ... on level 6 of the Dungeon.
             The game lasted 00:09:19 (578 turns).

Charly the Cleaver (Hill Orc Berserker)              Turns: 578, Time: 00:09:20

Health: -10/69     AC:  2    Str: 25    XL:     5   Next: 79%
Magic:  0/5        EV: 12    Int: 13    God:    Trog [**....]
Gold:   107        SH:  0    Dex: 11    Spells: 0 memorised, 4 levels left

rFire  . . .     SeeInvis .     a - +0 hand axe
rCold  . . .     Clarity  .     b - +0 animal skin
rNeg   . . .     SustAt   .     (no shield)
rPois  .         Gourm    .     (no helmet)
rElec  .         Spirit   +     (no cloak)
rCorr  .         Warding  .     (no gloves)
rMut   .         Stasis   .     (no boots)
MR     .....                    d - amulet of guardian spirit
Stlth  ..........               v - +6 ring of intelligence (curse)
                                i - ring of invisibility

@: berserking (expiring), very quick, not resistant to hostile enchantments,
extremely unstealthy
A: no striking features
a: Berserk, Trog's Hand, Burn Spellbooks, Renounce Religion, Convert to Beogh,
Evoke Invisibility


You were on level 6 of the Dungeon.
You worshipped Trog.
Trog was pleased with you.
You were not hungry.

You visited 1 branch of the dungeon, and saw 6 of its levels.

You collected 107 gold pieces.

Inventory:

Hand Weapons
 a - a +0 hand axe (weapon)
Armour
 b - a +0 animal skin (worn)
Jewellery
 d - an amulet of guardian spirit (around neck)
 i - a ring of invisibility (left hand)
 v - a cursed +6 ring of intelligence (right hand)
Wands
 s - a wand of slowing (31)
Scrolls
 g - 2 scrolls of random uselessness {unknown}
 h - 2 scrolls of teleportation {unknown}
 j - a scroll of immolation {unknown}
 l - a scroll of identify {unknown}
 n - a scroll of magic mapping {unknown}
 o - a scroll of amnesia {unknown}
 u - a scroll of enchant weapon {unknown}
Potions
 e - 2 potions of flight {unknown}
 f - 2 potions of cure mutation {unknown}
 k - a potion of magic {unknown}
 m - a potion of poison {unknown}
 p - a potion of heal wounds {unknown}
 q - a potion of degeneration {unknown}
 r - a potion of haste {unknown}
Comestibles
 c - 3 bread rations
 t - a meat ration


   Skills:
 + Level 4.0 Fighting
 * Level 8.1 Axes
 - Level 2.1 Armour
 - Level 1.5 Dodging


You had 4 spell levels left.
You didn't know any spells.

Dungeon Overview and Level Annotations

Branches:
Dungeon (6/15)
 Temple: D:4-7

Altars:
Elyvilon
Ru


Message History

Your Fighting skill increases to level 4!
Your Axes skill increases to level 8!
The orc warrior hits you with a halberd!
You hit the orc warrior.
The orc warrior is heavily wounded.
The orc priest casts a cantrip, but nothing happens.
Unknown command.
You closely miss the orc warrior.
The orc warrior is heavily wounded.
The orc warrior hits you with a halberd!!
* * * LOW HITPOINT WARNING * * *
You barely miss the orc warrior.
The orc warrior is heavily wounded.
Your skin stops crawling.
You feel less resistant to hostile enchantments.
The orc priest shouts, "Surrender to Beogh and we'll let you live!"
You hit the orc warrior but do no damage.
The orc warrior is heavily wounded.
The orc warrior hits you with a halberd!
You die...

###.##
##.....#....._......#
#o#
##...####.......#..#
#o# ###+####
#.....##..# #.#
#......# #...##...#
#.# ###.#.##.#
##.#####.#
#.######...(....#
#..#<# #.#
#.#.......o....#.# #.
#.###.#
##.######.#(o)>..#
#.....# ## #.#..@.#.#
####### #.#.#........
#.#......####
#.###.##.# #.# #.# .#
#.. ... .# ### #.# #
#.#


You could see an orc warrior and an orc priest.

Vanquished Creatures
  A centaur zombie (D:4)
  A crimson imp (D:6)
  A gnoll shaman (D:4)
  A hound (D:4)
  An orc wizard (D:5)
  3 gnolls (D:4)
  An adder (D:2)
  3 orcs
  A bat (D:3)
  A giant cockroach (D:6)
  2 goblins
  A ball python (D:2)
  7 kobolds
  A rat (D:2)
25 creatures vanquished.

Notes
Turn   | Place    | Note
--------------------------------------------------------------
     0 | D:1      | Charly the Hill Orc Berserker began the quest for the Orb.
     0 | D:1      | Reached XP level 1. HP: 19/19 MP: 1/1
    13 | D:1      | guard+invi
   192 | D:2      | Found a sacrificial altar of Ru.
   204 | D:2      | Reached XP level 2. HP: 25/26 MP: 2/2
   207 | D:2      | Reached skill level 5 in Axes
   399 | D:4      | Reached XP level 3. HP: 31/31 MP: 3/3
   400 | D:4      | d
   401 | D:4      | Reached skill level 6 in Axes
   401 | D:4      | Reached XP level 4. HP: 39/39 MP: 4/4
   407 | D:4      | Reached skill level 7 in Axes
   407 | D:4      | Reached XP level 5. HP: 42/45 MP: 3/5
   408 | D:4      | d+s
   439 | D:5      | Entered Level 5 of the Dungeon
   444 | D:5      | Reached ** piety under Trog
   485 | D:6      | Found a white marble altar of Elyvilon.
   536 | D:6      | +6int
   542 | D:6      | Noticed an orc warrior
   574 | D:6      | Reached skill level 8 in Axes
   578 | D:6      | Mangled by an orc warrior

Action                   |  1- 3 |  4- 6 || total
-------------------------+-------+-------++-------
Melee: Hand axe          |    41 |    35 ||    76
Invok: Berserk           |     2 |     2 ||     4
       Trog's Hand       |       |     1 ||     1
  Eat: Chunk             |       |     2 ||     2
